 Dungeon Crawl Stone Soup version 0.28-a0-1504-g839a4452db (console) character file.

Game seed: 11310248221358831276

8187 Banquo the Thaumaturge (level 11, -8/79 HPs)
             Began as a Djinni Cinder Acolyte on Jan 13, 2022.
             Was a High Priest of Ignis.
             Mangled by a skeletal warrior (21 damage)
             ... on level 10 of the Dungeon.
             The game lasted 01:07:54 (16707 turns).

Banquo the Thaumaturge (Djinni Cinder Acolyte)     Turns: 16707, Time: 01:07:56

Health: -8/79      AC: 10    Str: 13    XL:     11   Next: 51%
Gold:   1051       EV: 13    Int: 20    God:    Ignis [*****.] SH:  0 Dex:  9

rFire   + + +      SeeInvis .   b - staff of fire
rCold   . . .      Faith    .   (no shield)
rNeg    . . .      Spirit   .   d - +0 leather armour of the Trout {Stlth+}
rPois   ∞          Reflect  .   h - +0 helmet
rElec   .          Harm     .   e - +2 cloak
rCorr   +          Rampage  .   g - +1 pair of gloves
Will    +....                   (boots unavailable)
Stlth   ++........              H - amulet of the acrobat
HPRegen 0.23/turn               D - ring of resist corrosion
MPRegen 0.00/turn               f - ring of ice

@: flying
A: sickness immunity, fire resistance 2, cold vulnerability 1, float, innate
caster, hp casting, extra vitality 1
a: Renounce Religion, Fiery Armour, Foxfire Swarm, Rising Flame


You were on level 10 of the Dungeon.
You worshipped Ignis.
Ignis was extremely pleased with you.
You visited 2 branches of the dungeon, and saw 11 of its levels.

You collected 1610 gold pieces.
You spent 559 gold pieces at shops.

Inventory:

Hand Weapons
 a - a +0 hand axe of flaming
 k - a +3 mace of freezing
 F - the +9 mace "Xeitwaw" {vorpal, *Rage rElec Str+5}
   (You found it on level 3 of the Dungeon)

   It inflicts extra damage upon your enemies.
   Str:       It affects your strength (+5).
   rElec:     It insulates you from electricity.
   *Rage:     It berserks you when you make melee attacks (+20% chance).
 L - a +4 spear
 P - a +4 scimitar
 U - a +0 broad axe
Missiles
 i - 18 poisoned darts
 t - 6 boomerangs
 w - 4 javelins
 z - 202 stones
Armour
 d - the +0 leather armour of the Trout (worn) {Stlth+}
   (You found it on level 3 of the Dungeon)

   Stlth:     It makes you more stealthy.
 e - a +2 cloak (worn)
 g - a +1 pair of gloves (worn)
 h - a +0 helmet (worn)
Magical Staves
 b - a staff of fire (weapon)
Jewellery
 f - a ring of ice (right hand)
 D - a ring of resist corrosion (left hand)
 H - an amulet of the acrobat (around neck)
 I - a ring of positive energy
Wands
 p - a wand of acid (4)
 K - a wand of charming (16)
 M - a wand of flame (44)
 Q - a wand of iceblast (15)
Scrolls
 j - 2 scrolls of blinking
 m - 2 scrolls of magic mapping
 R - a scroll of teleportation
 T - 3 scrolls of identify
Potions
 l - 2 potions of curing
 o - 2 potions of cancellation
 r - 8 potions of heal wounds
 s - 3 potions of berserk rage
 u - a potion of ambrosia
 x - 3 potions of lignification
 C - 3 potions of haste
 G - 2 potions of might
 N - a potion of brilliance
Miscellaneous
 S - a condenser vane


   Skills:
 * Level 7.2 Fighting
 + Level 4.6 Axes
 - Level 4.0 Armour
 * Level 6.8 Dodging
 + Level 10.4 Spellcasting


You had 15 spell levels left.
You knew the following spells:

 Your Spells              Type           Power      Damage    Failure   Level
a - Foxfire               Conj/Fire      100%       2x1d9     1%          1
b - Corpse Rot            Necr/Air       100%       N/A       1%          2
c - Animate Dead          Necr           25%        N/A       1%          4
h - Hailstorm             Conj/Ice       68%        3d14      1%          4
r - Searing Ray           Conj           100%       2d8       1%          2
z - Scorch                Fire           100%       2d10      1%          2
Your spell library was empty.

Dungeon Overview and Level Annotations

Branches:
Dungeon (10/15)            Temple (1/1) D:7            Lair (0/6) D:10
    Orc: D:9-12

Altars:
Ashenzari
Cheibriados
Dithmenos
Elyvilon
Fedhas
Gozag
Hepliaklqana
Kikubaaqudgha
Makhleb
Nemelex Xobeh
Okawaru
Qazlal
Ru
Sif Muna
Trog
Vehumet
Wu Jian
Xom
Yredelemnul
Zin
The Shining One

Shops:
D:5 !

Annotations:
D:5 3 runed translucent doors, flestrin's ghost, amateur DECj


Innate Abilities, Weirdness & Mutations

You are immune to sickness and miasma.
You are immune to poison.
Your flesh is very heat resistant. (rF++)
You are vulnerable to cold. (rC-)
You float through the air rather than walking.
You learn spells naturally, not from books.
Your magical power is your life essence.
You have superior vitality. (+4 MHP)


Message History

The skeletal warrior is moderately damaged.
Casting: Hailstorm (dangerous; 1% risk of failure)
Confirm with . or Enter, or press ? or * to list all spells.
You feel a surge of power!
Flames lash the skeletal warrior.
The skeletal warrior is heavily damaged.
The skeletal warrior's fire resistance burns away.
The skeletal warrior barely misses you.
Casting: Scorch (safe; 1% risk of failure)
Confirm with . or Enter, or press ? or * to list all spells.
You feel a surge of power!
Flames lash the skeletal warrior.
The skeletal warrior is burned terribly!
The skeletal warrior is severely damaged.
The skeletal warrior barely misses you.
Casting: Scorch (safe; 1% risk of failure)
Confirm with . or Enter, or press ? or * to list all spells.
You feel a surge of power!
Flames lash the skeletal warrior but do no damage.
A nearby plant withers and dies.
The skeletal warrior hits you with a +0 battleaxe!!
Casting: Scorch (safe; 1% risk of failure)
Confirm with . or Enter, or press ? or * to list all spells.
You feel a surge of power!
Flames lash the skeletal warrior.
The skeletal warrior is burned terribly!
The skeletal warrior is severely damaged.
The skeletal warrior hits you with a +0 battleaxe.
Casting: Scorch (safe; 1% risk of failure)
Confirm with . or Enter, or press ? or * to list all spells.
You feel a surge of power!
Flames lash the skeletal warrior.
The skeletal warrior is burned terribly!
The skeletal warrior is almost destroyed.
The skeletal warrior hits you with a +0 battleaxe!
* * * LOW HITPOINT WARNING * * *
Casting: Scorch (safe; 1% risk of failure)
Confirm with . or Enter, or press ? or * to list all spells.
You feel a surge of power!
Flames lash the skeletal warrior.
The skeletal warrior is burned terribly!
The skeletal warrior is almost destroyed.
* * * LOW HITPOINT WARNING * * *
The skeletal warrior hits you with a +0 battleaxe!!
You die...

...#.(../.#.........###
...#>.................##
......................#
#.....................#
#.##.................#
##÷...................#
.#.........####.....###
.........?.##...z.....##
.....).)...#....@......##
....##))................#
....#............>.......
...........)........P....
...........#...........##
...........##.........##
...........####..)..###
.........###.......######
.........##........##...#


You could see a skeletal warrior (combustible).

Vanquished Creatures
  Erica (D:9)
  2 two-headed ogres (D:9)
  A skeletal warrior (D:10)
  Pikel (D:9)
  A komodo dragon (D:10)
  2 trolls
  Prince Ribbit (D:8)
  3 wyverns
  3 yaks (D:10)
  2 steam dragons
  3 wargs (D:10)
  Menkaure (D:4)
  A water moccasin (D:7)
  A black bear (D:6)
  A necrophage (D:6)
  2 ogres
  3 centaurs
  3 kobold brigands
  2 lemures (D:9)
  Blork the orc (D:4)
  5 bullfrogs
  6 wights (D:8)
  2 vampire bats (D:5)
  3 howler monkeys
  2 centaur zombies
  A bullfrog skeleton (D:5)
  A jelly (D:6)
  2 orc priests
  Crazy Yiuf (D:3)
  A hound (D:5)
  2 bullfrog zombies
  3 gnoll shamans
  Ijyb (D:4)
  2 centaur skeletons
  An iguana (D:5)
  2 scorpion zombies
  4 orc wizards
  3 howler monkey zombies
  Robin (D:4)
  13 gnolls
  4 adders
  2 shadow imps
  An adder skeleton (D:4)
  4 dart slugs
  18 orcs
  2 bat skeletons (D:5)
  2 bat zombies (D:5)
  6 endoplasms
  2 giant cockroaches
  18 goblins
  7 hobgoblins
  3 jackals (D:1)
  4 quokkas
  8 ball pythons
  11 bats
  A frilled lizard (D:3)
  20 kobolds
  7 rats
211 creatures vanquished.

Vanquished Creatures (collateral kills)
  A foxfire (D:6)
1 creature vanquished.

Vanquished Creatures (others)
  410 foxfires
  16 plants
426 creatures vanquished.

Grand Total: 638 creatures vanquished

Notes
Turn   | Place    | Note
-------+----------+-------------------------------------------
     0 | D:1      | Banquo the Djinni Cinder Acolyte began the quest for the
                  | Orb.
     0 | D:1      | Reached XP level 1. HP: 20/20 MP: 0/0
   473 | D:1      | Reached XP level 2. HP: 21/25 MP: 0/0
  1211 | D:1      | Reached XP level 3. HP: 28/30 MP: 0/0
  1211 | D:1      | Learned a level 1 spell: Foxfire
  2227 | D:2      | Reached skill level 3 in Spellcasting
  2379 | D:2      | Reached XP level 4. HP: 27/35 MP: 0/0
  2458 | D:2      | Found a faded altar of an unknown god.
  3003 | D:3      | Identified the +0 leather armour of the Trout {Stlth+}
  3213 | D:3      | Reached XP level 5. HP: 27/40 MP: 0/0
  3213 | D:3      | Learned a level 2 spell: Searing Ray
  3999 | D:3      | Found a runed translucent door.
  4000 | D:3      | Noticed Crazy Yiuf
  4331 | D:4      | Noticed Ijyb
  4472 | D:4      | Identified a scroll of acquirement
  4685 | D:4      | Noticed Menkaure
  4693 | D:4      | Killed Menkaure
  4694 | D:4      | Reached skill level 1 in Dodging
  4694 | D:4      | Reached skill level 4 in Spellcasting
  4694 | D:4      | Reached XP level 6. HP: 20/46 MP: 0/0
  4946 | D:4      | Noticed Blork the orc
  4956 | D:4      | Killed Blork the orc
  5125 | D:4      | Noticed Robin
  5131 | D:4      | Killed Robin
  5144 | D:4      | Reached XP level 7. HP: 12/50 MP: 0/0
  5144 | D:4      | Learned a level 2 spell: Corpse Rot
  5498 | D:4      | Killed Ijyb
  6695 | D:3      | Killed Crazy Yiuf
  6891 | D:3      | Identified the +9 mace "Xeitwaw" {vorpal, *Rage rElec
                  | Str+5}
  6940 | D:5      | Entered Level 5 of the Dungeon
  6980 | D:5      | Found Teg Ynio's Distillery.
  7022 | D:5      | Acquired 1015 gold pieces
  7024 | D:5      | Bought a potion of heal wounds for 65 gold pieces
  7024 | D:5      | Bought a potion of cancellation for 104 gold pieces
  7024 | D:5      | Bought a potion of ambrosia for 104 gold pieces
  7024 | D:5      | Bought a potion of haste for 130 gold pieces
  7024 | D:5      | Bought a potion of might for 52 gold pieces
  7024 | D:5      | Bought a potion of mutation for 104 gold pieces
  7103 | D:4      | Reached skill level 1 in Armour
  7103 | D:4      | Reached skill level 5 in Spellcasting
  7298 | D:5      | Found a runed translucent gate.
  7303 | D:5      | Noticed flestrin's ghost (amateur DECj)
  7546 | D:5      | Reached XP level 8. HP: 56/58 MP: 0/0
  7970 | D:5      | Found a runed translucent gate.
  7970 | D:5      | Found a runed translucent gate.
  9388 | D:6      | Reached skill level 6 in Spellcasting
  9777 | D:7      | Found a snail-covered altar of Cheibriados.
  9823 | D:6      | Reached XP level 9. HP: 54/63 MP: 0/0
  9823 | D:6      | Learned a level 4 spell: Hailstorm
 10031 | D:7      | Found a staircase to the Ecumenical Temple.
 10124 | Temple   | Entered the Ecumenical Temple
 10774 | D:7      | Found a bloodstained altar of Trog.
 10774 | D:7      | Found a sparkling altar of Nemelex Xobeh.
 10960 | D:7      | Found a staircase to the Ecumenical Temple.
 11114 | D:7      | Found a snail-covered altar of Cheibriados.
 11172 | D:7      | Found a sparkling altar of Nemelex Xobeh.
 11173 | D:7      | Found a bloodstained altar of Trog.
 11437 | D:8      | Reached skill level 5 in Fighting
 11814 | D:8      | Reached skill level 7 in Spellcasting
 12283 | D:8      | Noticed Prince Ribbit
 12287 | D:8      | Killed Prince Ribbit
 13772 | D:9      | Noticed a two-headed ogre
 13772 | D:9      | Noticed a troll
 13808 | D:9      | Noticed a two-headed ogre
 13809 | D:9      | Reached XP level 10. HP: 35/70 MP: 0/0
 14063 | D:9      | Killed a two-headed ogre
 14064 | D:9      | Reached skill level 5 in Dodging
 14064 | D:9      | Reached skill level 8 in Spellcasting
 14404 | D:9      | Noticed Erica
 14413 | D:9      | Killed Erica
 14696 | D:9      | Reached skill level 9 in Spellcasting
 14820 | D:9      | Killed a two-headed ogre
 14941 | D:9      | Found a white marble altar of Elyvilon.
 15094 | D:9      | Reached XP level 11. HP: 66/78 MP: 0/0
 15094 | D:9      | Learned a level 4 spell: Animate Dead
 15311 | D:9      | Noticed Pikel
 15316 | D:9      | Killed Pikel
 15426 | D:9      | Found a burning altar of Makhleb.
 15462 | D:10     | Entered Level 10 of the Dungeon
 15856 | D:10     | Reached skill level 10 in Spellcasting
 16410 | D:10     | Found a staircase to the Lair.
 16428 | D:10     | Noticed a skeletal warrior
 16454 | D:10     | Killed a skeletal warrior
 16692 | D:10     | Noticed a skeletal warrior
 16707 | D:10     | Mangled by a skeletal warrior

Illustrated notes

Levels and vault maps discovered:
D:1:      minmay_arrival_five_plusses, layout_basic, minmay_bisected
D:2:      layout_loops_ring, shapermc_ecumenical_altar_totnotflames,
          kennysheep_generic_room_14
D:3:      layout_loops_corners, minmay_hedge_maze, uniq_crazy_yiuf_cottage
D:4:      layout_basic, uniq_robin, uniq_blork_the_orc, uniq_ijyb, uniq_menkaure
D:5:      layout_basic, kennysheep_vampire_church, gammafunk_ghost_split,
          serial_shops, nicolae_square_shop
D:6:      layout_basic, kennysheep_boxes
D:7:      layout_rooms, mainiacjoe_overflow_divided_tiny,
          kennysheep_slug_shrine, temple_pool_b
D:8:      layout_basic, uniq_prince_ribbit1
D:9:      kennysheep_spiral_hall, layout_basic, lightli_temple_of_fire,
          mainiacjoe_overflow_concentric_impassable, grunt_ministairs_2,
          uniq_erica, uniq_pikel
D:10:     layout_cave_pools, eat_drink_and_be_merry_uskayaw,
          erik_lair_orcish_takeover
Temple:   regret_index_temple_generic_petals

Skill      XL: |  1  2  3  4  5  6  7  8  9 10 11 |
---------------+----------------------------------+-----
Axes           | 3 4 |  4.6
Spellcasting   | 3 4 5 6 7 9 10 | 10.4
Dodging        | 1 2 3 4 6 |  6.8
Armour         | 1 2 3 4 |  4.0
Fighting       | 4 5 6 7 |  7.2

Action                   |  1- 3 |  4- 6 |  7- 9 | 10-12 || total
-------------------------+-------+-------+-------+-------++-------
Melee: Hand axe          |    19 |     2 |       |     1 ||    22
 Cast: Scorch            |    23 |    40 |    73 |    36 ||   172
       Foxfire           |    17 |    25 |   121 |    91 ||   254
       Searing Ray       |       |     3 |    21 |     1 ||    25
       Hailstorm         |       |       |     8 |    32 ||    40
Invok: Foxfire Swarm     |       |       |       |     1 ||     1
  Use: Scroll            |       |     8 |    10 |     2 ||    20
Armor: Robe              |     5 |     5 |     3 |       ||    13
       Leather armour    |       |       |    25 |    10 ||    35
Dodge: Dodged            |    12 |     4 |    52 |    12 ||    80

Table legend: (Time is in decaauts)
 A = Elapsed time spent in this place.
 B = Non-inter-level travel time spent in this place.
 C = Inter-level travel time spent in this place.
 D = Time resting spent in this place.
 E = Time spent auto-exploring this place.
 F = Levels seen in this place.
 G = Mean time per level.
                   A        B        C        D        E       F      G
               +--------+--------+--------+--------+--------+-----+--------+
         Total |  16735 |  15457 |   1278 |   4014 |   8824 |  11 | 1521.4 |
       Dungeon |  16510 |  15260 |   1250 |   4014 |   8630 |  10 | 1651.0 |
        Temple |    224 |    196 |     28 |      0 |    194 |   1 |  224.0 |
               +--------+--------+--------+--------+--------+-----+--------+

Top non-repeatable levels by time:
     D:8: 2752 daAuts
     D:4: 2092 daAuts
     D:3: 2028 daAuts
     D:1: 1908 daAuts
     D:5: 1649 daAuts
     D:9: 1419 daAuts
     D:6: 1221 daAuts
     D:7: 1209 daAuts
    D:10: 1172 daAuts
     D:2: 1057 daAuts
  Temple: 224 daAuts
